 Dungeon Crawl Stone Soup version 0.20-a0-631-g6870b83 (webtiles) character file.

64 M4edhros the Sneak (level 4, -7/28 HPs)
             Began as an Octopode Artificer on Feb 10, 2017.
             Mangled by a scorpion (10 damage)
             ... on level 4 of the Dungeon on Feb 11, 2017.
             The game lasted 00:01:57 (937 turns).

M4edhros the Sneak (Octopode Artificer)              Turns: 937, Time: 00:01:58

Health: -7/28      AC:  1    Str: 11    XL:     4   Next: 12%
Magic:  6/6        EV: 11    Int: 13    God:
Gold:   30         SH:  7    Dex: 13    Spells: 3/3 levels left

rFire    + . .     SeeInvis .   a - +0 short sword
rCold    + . .     Gourm    .   e - +0 shield
rNeg     . . .     Faith    .   (helmet restricted)
rPois    +         Spirit   .   (no amulet)
rElec    +         Reflect  .   (no ring)
rCorr    +         Harm     .   (no ring)
MR       .....                  (no ring)
Stlth    ++++......             (no ring)
Regen    0.1/turn               (no ring)
                                (no ring)
                                (no ring)
                                (no ring)

@: lethally poisoned (-7 -> -11), resistant
A: almost no armour, stealthy swim, amphibious, 8 rings, constrict 8, camouflage
1, gelatinous body 1
a: no special abilities


You were on level 4 of the Dungeon.
You were not hungry.

You visited 1 branch of the dungeon, and saw 4 of its levels.

You collected 30 gold pieces.

Inventory:

Hand Weapons
 a - a +0 short sword (weapon)
 h - a +0 hunting sling
Missiles
 i - 24 stones (quivered)
Armour
 e - a +0 shield (worn)
Jewellery
 l - an uncursed ring of protection from fire {unknown}
Wands
 b - a wand of flame (12/48)
 c - a wand of enslavement (12/24)
 d - a wand of random effects (14/48)
 p - a wand of iceblast (11/15)
Scrolls
 g - a scroll of teleportation {unknown}
 j - a scroll of identify {unknown}
 o - a scroll of enchant armour {unknown}
Comestibles
 f - a bread ration
 k - a royal jelly
 m - a meat ration


   Skills:
 + Level 1.2 Fighting
 - Level 1.0 Short Blades
 + Level 0.8 Slings
 + Level 2.4 Dodging
 + Level 4.3 Stealth
 + Level 1.0 Shields
 - Level 3.2 Evocations


You had 3 spell levels left.
You didn't know any spells.

Dungeon Overview and Level Annotations

Branches:
Dungeon (4/15)
 Temple: D:4-7

Altars:

Annotations:
D:3 Robin


Innate Abilities, Weirdness & Mutations

You cannot wear most types of armour.
You are very stealthy in the water. (Stealth+)
You are amphibious.
You can wear up to eight rings at the same time.
You can use your tentacles to constrict eight enemies at once.
Your skin changes colour to match your surroundings (Stealth+).
Your rubbery body absorbs attacks. (AC +1, EV +1)


Message History

Found a scroll labeled MABYHO BOBRISEO.
Found an escape hatch in the floor.
Found a glowing black potion.
Found a stone staircase leading down.
The giant cockroach barely misses you.
The giant cockroach bites you but does no damage.
The scorpion stings you!
You are poisoned.
The scorpion poisons you!
You feel sick.
You feel sick.
It was a potion of resistance.
You feel protected.
You feel sick. The scorpion stings you.
* * * LOW HITPOINT WARNING * * *
You barely miss the scorpion. Your grab misses the scorpion.
The scorpion stings you but does no damage.
You barely miss the scorpion. Your grab misses the scorpion.
* * * LOW HITPOINT WARNING * * *
You feel sick. The scorpion stings you!
You die...

#.. #..# ##.. ####..#
...###.....#
#..#......##
##........<#
#.##........#..#
#..?........##.#
#..##s##..### .#
#@.###.# ..
...................c
...##...##...........
#.###......>.... #.
#........>.. #.
#....?..#### .
##.....## . .!.....


You could see a scorpion.

Vanquished Creatures
  A worker ant (D:3)
  3 adders (D:2)
  An orc (D:3)
  2 giant cockroaches (D:2)
  3 goblins
  2 bats (D:2)
  A frilled lizard (D:2)
  3 rats (D:2)
16 creatures vanquished.

Notes
Turn   | Place    | Note
-------+----------+-------------------------------------------
     0 | D:1      | M4edhros the Octopode Artificer began the quest for the Orb.
     0 | D:1      | Reached XP level 1. HP: 13/13 MP: 3/3
   154 | D:2      | Reached skill level 3 in Stealth
   154 | D:2      | Reached XP level 2. HP: 11/18 MP: 4/4
   326 | D:2      | Reached skill level 4 in Stealth
   393 | D:2      | Reached XP level 3. HP: 12/23 MP: 5/5
   494 | D:3      | Noticed Robin
   513 | D:3      | Upgraded the game from 0.20-a0-623-gaf3b657 to 0.20-a0-631-g6870b83
   552 | D:3      | Reached skill level 1 in Shields
   552 | D:3      | Reached XP level 4. HP: 7/28 MP: 6/6
   923 | D:4      | Noticed a centaur
   937 | D:4      | Mangled by a scorpion

Vault maps used:
D:1:      lightli_arrival_boilingwater
D:2:      chequers_ecumenical_altar_lobes, first_bread
D:3:      nemelex_spade_bored_becter, uniq_robin, uniq_jessica
D:4:      serial_bayou_pond_a, uniq_edmund

Skill      XL: |  1  2  3 |
---------------+----------+-----
Stealth        | 3 4 |  4.3
Shields        | 1 |  1.0
Fighting       | |  1.2
Short Blades   | |  1.0
Slings         | |  0.8
Dodging        | |  2.4
Evocations     | |  3.2

Action                   |  1- 3 |  4- 6 || total
-------------------------+-------+-------++-------
Melee: Short sword       |    26 |     5 ||    31
       Constrict         |     9 |       ||     9
       Tentacles         |     4 |       ||     4
       Hunting sling     |     3 |       ||     3
 Fire: Hunting sling     |    28 |       ||    28
Evoke: Wand              |     5 |     2 ||     7
  Use: Potion            |       |     1 ||     1
 Stab: Paralysed         |     2 |       ||     2
Armor: Skin              |     8 |     6 ||    14
Dodge: Dodged            |    30 |     9 ||    39
Block: Shield            |    17 |     6 ||    23
